 Dungeon Crawl Stone Soup version 0.32-a0-953-g508020473e (webtiles) character file.

Game seed: 6437305537008632433

2051 Shayle the Trooper (level 9, -7/71 HPs)
             Began as a Coglin Alchemist on Apr 16, 2024.
             Was an Initiate of Makhleb.
             Mangled by a troll (10 damage)
             ... on level 5 of the Dungeon.
             The game lasted 00:17:00 (5108 turns).

Shayle the Trooper (Coglin Alchemist)               Turns: 5108, Time: 00:17:00

Health: -7/71      AC: 20    Str: 12    XL:     9   Next: 25%
Magic:  13/13      EV: -2    Int: 15    God:    Makhleb [......]
Gold:   183        SH:  0    Dex: 15    Spells: 10/11 levels left

rFire   + . .        x - +2 flail (holy) {Valter}
rCold   + . .        i - +0 hand axe (flame) {Haoran}
rNeg    . . .        p - +0 gold dragon scales
rPois   +            n - +1 helmet
rElec   .            t - +0 cloak
rCorr   .            e - +2 pair of gloves
SInv    .            k - +1 pair of boots
Will    .....        (amulet unavailable) Stlth
                     (ring unavailable)
HPRegen 0.31/turn    (ring unavailable)
MPRegen 0.13/turn    (no gizmo)

%: no passive effects
@: invisible, revved
A: off-hand wielding, slow wielding, warmup strikes, no jewellery
a: Invent Gizmo, Renounce Religion


You were on level 5 of the Dungeon.
You worshipped Makhleb.
Makhleb was noncommittal.
You visited 2 branches of the dungeon, and saw 7 of its levels.

You collected 183 gold pieces.

Inventory:

Hand Weapons
 i - a +0 hand axe of flaming (offhand) {Haoran}
 j - a +0 spear {Friedl}
 x - a +2 flail of holy wrath (weapon) {Valter}
Armour
 a - a +0 robe
 e - a +2 pair of gloves (worn)
 k - a +1 pair of boots (worn)
 n - a +1 helmet (worn)
 p - +0 gold dragon scales (worn)
 t - a +0 cloak (worn)
Scrolls
 d - a scroll of identify
 s - a scroll of silence
Potions
 b - a potion of magic
 f - a potion of resistance
 o - a potion of mutation {unknown}
 q - a potion of attraction
 z - a potion of enlightenment {unknown}
 A - a potion of berserk rage {unknown}
 B - a potion of lignification {unknown}


   Skills:
 + Level 6.8 Fighting
 + Level 6.4 Dodging
 - Level 1.5 Stealth
 - Level 1.7 Spellcasting
 - Level 0.8 Conjurations
 - Level 3.2 Alchemy
 + Level 5.5 Invocations


You had 10 spell levels left.
You knew the following spells:

 Your Spells              Type           Power      Damage    Failure   Level
a - Sting                 Conj/Alch      28%        1d4       100%        1

Your spell library contained the following spells:

 Spells                   Type           Power      Damage    Failure   Level
 Mercury Vapours          Alch/Air       12%        N/A       100%        2
 Static Discharge         Conj/Air       4%         3-4/arc   100%        2
 Maxwell's Portable Pile  Tloc           1%         2d(5-13)  100%        3
 Mephitic Cloud           Conj/Alch/Air  5%         N/A       100%        3
 Airstrike                Air            0%         2d(1-17)  100%        4
 Olgreb's Toxic Radiance  Alch           11%        N/A       100%        4
 Sticky Flame             Fire/Alch      6%         2d4       100%        4
 Summon Lightning Spire   Summ/Air       1%         N/A       100%        4
 Magnavolt                Erth/Air       0%         3d9       100%        7
 Maxwell's Capacitive Co  Air            0%         ∞         100%        8


Dungeon Overview and Level Annotations

Branches:
Dungeon (6/15)             Temple (1/1) D:4

Altars:
Cheibriados
Fedhas
Kikubaaqudgha
Makhleb
Qazlal
Sif Muna
Uskayaw
Vehumet
Yredelemnul
Zin
The Shining One


Innate Abilities, Weirdness & Mutations

You can wield a second weapon in your off-hand.
It takes a long time for you to wield or remove held weapons.
Your first few attacks do less damage.
You cannot equip rings or amulets.


Message History

The vampire mosquito bites you but does no damage.
You closely miss the vampire mosquito with your +2 flail of holy wrath.
The vampire mosquito is severely damaged.
You completely miss the vampire mosquito with your +0 hand axe of flaming.
The vampire mosquito bites you but does no damage. x2
Unknown command.
You hit the vampire mosquito with your +0 hand axe of flaming.
You burn the vampire mosquito.
The vampire mosquito is severely damaged.
You hit the vampire mosquito with your +2 flail of holy wrath.
The vampire mosquito convulses.
The vampire mosquito bites you but does no damage.
The vampire mosquito completely misses you.
The vampire mosquito bites you but does no damage.
You closely miss the vampire mosquito with your +0 hand axe of flaming.
The vampire mosquito is almost destroyed.
You hit the vampire mosquito with your +2 flail of holy wrath.
You destroy the vampire mosquito!
Makhleb accepts your kill. The troll bites you!
* * * LOW HITPOINT WARNING * * *
The troll claws you but does no damage. x2
You feel much better. The troll bites you but does no damage.
The troll claws you but does no damage. x2
You closely miss the troll with your +0 hand axe of flaming.
You barely miss the troll with your +2 flail of holy wrath.
The troll bites you. The troll claws you.
* * * LOW HITPOINT WARNING * * *
The troll claws you.
* * * LOW HITPOINT WARNING * * *
You fade into invisibility!
The troll bites you but does no damage. The troll claws you but does no damage.
The troll claws you.
* * * LOW HITPOINT WARNING * * *
You hit the troll but do no damage.
You barely miss the troll with your +0 hand axe of flaming.
The troll bites you!
* * * LOW HITPOINT WARNING * * *
The troll claws you but does no damage. The troll claws you!
You die...

......._....##............).#.#..
....#.....#.##............###.#.#
....#....°#.''............# #.#.#
....###.###.##............###.#..
..........................#...#.#
..........................#.#....
..........................#.#.#.#
........#.....##.########.#.#.#.#
........#...[>##@# #.#.#.#..
.....####.....##T########.#.#.###
.###+###................#.#.#....
......##................#.#.#####
......##.......(.....)..'.#.#
......##................###.#
......##................# #.# ##
...[..##................# #.# #.
.......'................# #.# #.


You could see a troll (unable to see you).

Vanquished Creatures
  Pikel (D:5)
  Grinder (D:3)
  A vampire mosquito (D:5)
  An ice beast (D:5)
  3 black bears
  2 ogres (D:5)
  4 lemures (D:5)
  3 scorpions
  3 wights
  A killer bee (D:5)
  A bombardier beetle (D:5)
  2 hounds
  An orc priest (D:4)
  2 iguanas (D:4)
  Robin (D:2)
  A gnoll (D:1)
  3 adders (D:5)
  A shadow imp (D:6)
  A white imp (D:4)
  2 ufetubi (D:5)
  A dart slug (D:3)
  3 ribbon worms
  6 orcs
  8 bats
  7 endoplasms
  4 giant cockroaches
  16 goblins
  10 hobgoblins
  9 jackals
  5 ball pythons
  4 frilled lizards
  2 goblin skeletons (D:4)
  2 goblin zombies (D:4)
  7 hobgoblin zombies (D:4)
  7 kobolds
  A kobold zombie (D:4)
  An orc zombie (D:4)
  5 rats
133 creatures vanquished.

Notes
Turn   | Place    | Note
-------+----------+-------------------------------------------
     0 | D:1      | Shayle the Coglin Alchemist began the quest for the Orb.
     0 | D:1      | Reached XP level 1. HP: 13/13 MP: 3/3
   146 | D:1      | Reached XP level 2. HP: 20/20 MP: 2/4
   330 | D:1      | Reached skill level 1 in Fighting
   389 | D:1      | Found a faded altar of an unknown god.
   405 | D:1      | Reached skill level 1 in Invocations
   405 | D:1      | Reached XP level 3. HP: 23/26 MP: 5/5
   802 | D:2      | Noticed Robin
   818 | D:2      | HP: 1/27 [goblin/+0 club[Robin] (4)]
  1097 | D:2      | Reached XP level 4. HP: 33/33 MP: 3/6
  1379 | D:2      | Killed Robin
  1731 | D:3      | Noticed Grinder
  1741 | D:3      | Paralysed by Grinder for 2 turns
  1745 | D:3      | Paralysed by Grinder for 2 turns
  1754 | D:3      | Killed Grinder
  1755 | D:3      | Reached XP level 5. HP: 7/41 MP: 7/7
  1755 | D:3      | Reached XP level 6. HP: 8/47 MP: 8/8
  2361 | D:4      | Found a glowing golden altar of the Shining One.
  2981 | D:4      | Found a staircase to the Ecumenical Temple.
  2987 | Temple   | Entered the Ecumenical Temple
  3006 | Temple   | Became a worshipper of Makhleb the Destroyer
  3408 | D:5      | Entered Level 5 of the Dungeon
  3410 | D:5      | Noticed a black bear
  3422 | D:4      | Killed a black bear
  3423 | D:4      | Reached XP level 7. HP: 54/54 MP: 9/9
  3766 | D:5      | Found an ancient bone altar of Kikubaaqudgha.
  3842 | D:5      | Noticed Pikel
  3960 | D:5      | Killed Pikel
  3961 | D:5      | Reached skill level 5 in Fighting
  3961 | D:5      | Reached skill level 5 in Dodging
  3961 | D:5      | Reached XP level 8. HP: 42/63 MP: 9/11
  4422 | D:5      | Found a shimmering blue altar of Sif Muna.
  4589 | D:5      | Reached skill level 5 in Invocations
  4609 | D:5      | Reached XP level 9. HP: 53/70 MP: 12/12
  4917 | D:6      | Noticed a troll
  5108 | D:5      | HP: 3/71 [troll (7)]
  5108 | D:5      | Mangled by a troll

Illustrated notes

Levels and vault maps discovered:
D:1:      dpeg_arrival_tiny_a, layout_basic,
          ebering_ecumenical_altar_sacrificial
D:2:      layout_loops_ring, minmay_quantized, uniq_robin
D:3:      layout_rooms, uniq_grinder
D:4:      layout_loops_ring, nicolae_tso_besieged_by_evil,
          minmay_temple_entry_fiery
D:5:      layout_basic, nicolae_kikubaaqudgha_miasma_corner,
          mainiacjoe_overflow_concentric_impassable, uniq_pikel
D:6:      layout_cave_pools, grunt_nemelex_the_gamble,
          nicolae_overflow_two_pavilions, serial_shops, shop, minmay_manual_mess
Temple:   nicolae_temple_superstar

Skill      XL: |  1  2  3  4  5  6  7  8 |
---------------+-------------------------+-----
Dodging        | 2 3 4 5 6 |  6.4
Fighting       | 1 3 4 5 6 |  6.8
Invocations    | 1 2 3 4 5 |  5.5
Stealth        | |  1.5
Spellcasting   | |  1.7
Conjurations   | |  0.8
Alchemy        | |  3.2

Action                     |  1- 3 |  4- 6 |  7- 9 || total
---------------------------+-------+-------+-------++-------
  Melee: Unarmed           |    18 |       |       ||    18
         Hand axe          |    48 |   146 |   152 ||   346
         Spear             |    43 |   125 |       ||   168
         Flail             |       |    18 |   162 ||   180
   Cast: Sting             |    24 |     7 |       ||    31
    Use: Potion            |     2 |       |     4 ||     6
         Scroll            |     1 |       |    14 ||    15
   Stab: Sleeping          |     1 |     1 |       ||     2
 Armour: Robe              |    60 |     9 |       ||    69
         Gold dragon scale |       |   154 |   354 ||   508
  Dodge: Dodged            |    48 |    10 |     9 ||    67

Table legend: (Time is in decaauts)
 A = Elapsed time spent in this place.
 B = Non-inter-level travel time spent in this place.
 C = Inter-level travel time spent in this place.
 D = Time resting spent in this place.
 E = Time spent auto-exploring this place.
 F = Levels seen in this place.
 G = Mean time per level.
                   A        B        C        D        E       F      G
               +--------+--------+--------+--------+--------+-----+--------+
         Total |   5220 |   4990 |    230 |   1022 |   2454 |   7 |  745.7 |
       Dungeon |   5182 |   4984 |    198 |   1022 |   2454 |   6 |  863.7 |
        Temple |     37 |      5 |     32 |      0 |      0 |   1 |   37.0 |
               +--------+--------+--------+--------+--------+-----+--------+

Top non-repeatable levels by time:
     D:4: 1374 daAuts
     D:5: 1294 daAuts
     D:2: 1019 daAuts
     D:3: 663 daAuts
     D:1: 653 daAuts
     D:6: 177 daAuts
  Temple: 37 daAuts
